 Dungeon Crawl Stone Soup version 0.28.0-45-g0d030f2227 (webtiles) character file.

Game seed: 9538174506860743034

8247 101zpm the Spear-Bearer (level 11, -1/81 HPs)
             Began as a Gnoll Air Elementalist on Apr 24, 2022.
             Was a Follower of Qazlal.
             Slain by a komodo dragon (18 damage)
             ... on level 9 of the Dungeon.
             The game lasted 00:47:34 (17305 turns).

101zpm the Spear-Bearer (Gnoll Air Elementalist)   Turns: 17305, Time: 00:47:35

Health: -1/81      AC: 15    Str: 16    XL:     11   Next: 27%
Magic:  23/23      EV: 11    Int: 20    God:    Qazlal [*.....]
Gold:   237        SH:  1    Dex: 14    Spells: 16/26 levels left

rFire   + . .      SeeInvis .   P - +11 battleaxe "Reimiluv" {freeze, Str+3 Int+2}
rCold   . . .      Faith    .   (shield currently unavailable)
rNeg    + + .      Spirit   .   y - +0 plate armour "Cino" {+Inv rF+ rN++ Will+}
rPois   .          Reflect  .   (no helmet)
rElec   .          Harm     .   I - +1 cloak
rCorr   .          Rampage  .   (no gloves)
Will    +....                   (no boots)
Stlth   ..........              (no amulet)
HPRegen 0.23/turn               D - +4 ring of evasion
MPRegen 0.18/turn               s - +6 ring of strength

@: studying Polearms
A: fangs 1, strong nose, distributed training
a: Renounce Religion, Evoke Invisibility


You were on level 9 of the Dungeon.
You worshipped Qazlal.
Qazlal was aware of your devotion.
You visited 2 branches of the dungeon, and saw 12 of its levels.

You collected 399 gold pieces.
You spent 162 gold pieces at shops.

Inventory:

Hand Weapons
 t - a +4 short sword of holy wrath
 w - the +9 hunting sling of Oblut {flame, Dex+3}
   (You bought it in a shop on level 8 of the Dungeon)

   Any ammunition fired from it burns those it strikes, dealing additional fire
   damage.
   Dex:       It affects your dexterity (+3).
 P - the +11 battleaxe "Reimiluv" (weapon) {freeze, Str+3 Int+2}
   (You found it on level 10 of the Dungeon)

   It freezes those it strikes, dealing additional cold damage.
   It can also slow down cold-blooded creatures.
   Str:       It affects your strength (+3).
   Int:       It affects your intelligence (+2).
Missiles
 m - a throwing net
 J - 158 stones
 K - 18 sling bullets
Armour
 j - the +1 robe of the Other Side {-Tele rN+ Regen+}
   (You found it on level 2 of the Dungeon)

   rN:        It protects you from negative energy.
   -Tele:     It prevents most forms of teleportation.
   Regen:     It increases your rate of health regeneration.
 x - a +3 leather armour of fire resistance
 y - the +0 plate armour "Cino" (worn) {+Inv rF+ rN++ Will+}
   (You found it on level 6 of the Dungeon)

   rF:        It protects you from fire.
   rN:        It greatly protects you from negative energy.
   +Inv:      It lets you turn invisible.
   Will:      It increases your willpower.
 I - a +1 cloak (worn)
 L - a scarf of repulsion
Magical Staves
 r - a staff of conjuration
Jewellery
 a - a ring of protection from cold
 g - a ring of wizardry
 p - a ring of protection from fire
 s - a +6 ring of strength (right hand)
 D - a +4 ring of evasion (left hand)
 E - a ring of protection from fire
 G - a ring of magical power
 M - a ring of poison resistance
Wands
 h - a wand of iceblast (16)
 n - a wand of acid (7)
 q - a wand of mindburst (5)
 u - a wand of paralysis (3)
Scrolls
 b - 3 scrolls of vulnerability
 d - 3 scrolls of fog
 e - 2 scrolls of teleportation
 o - 2 scrolls of enchant armour
 v - a scroll of noise
 B - 6 scrolls of identify
 F - a scroll of magic mapping {unknown}
 Q - a scroll of brand weapon {unknown}
Potions
 c - 3 potions of brilliance
 f - a potion of haste
 i - 2 potions of magic
 k - 2 potions of lignification
 l - 3 potions of cancellation {unknown}
 z - a potion of ambrosia {unknown}
 A - a potion of curing {unknown}
 C - a potion of flight {unknown}
 H - a potion of attraction {unknown}
 N - 2 potions of berserk rage {unknown}
 O - a potion of mutation {unknown}


   Skills:
 + Level 6.1 Fighting
 + Level 6.1 Short Blades
 + Level 6.1 Long Blades
 + Level 6.1 Axes
 + Level 6.1 Maces & Flails
 + Level 8.5 Polearms
 + Level 6.1 Staves
 + Level 6.1 Slings
 + Level 6.1 Bows
 + Level 6.1 Crossbows
 + Level 6.1 Throwing
 + Level 6.1 Armour
 + Level 7.7 Dodging
 + Level 7.5 Stealth
 + Level 6.1 Shields
 + Level 6.1 Unarmed Combat
 + Level 8.0 Spellcasting
 + Level 5.5 Conjurations
 + Level 5.1 Hexes
 + Level 5.1 Summonings
 + Level 5.1 Necromancy
 + Level 5.1 Translocations
 + Level 5.1 Transmutations
 + Level 5.1 Fire Magic
 + Level 5.1 Ice Magic
 + Level 7.5 Air Magic
 + Level 5.1 Earth Magic
 + Level 5.1 Poison Magic
 + Level 6.7 Invocations
 + Level 6.1 Evocations


You had 16 spell levels left.
You knew the following spells:

 Your Spells              Type           Power      Damage    Failure   Level
a - Shock                 Conj/Air       100%       1d9       26%         1
b - Static Discharge      Conj/Air       34%        N/A       36%         2
c - Swiftness             Air            38%        N/A       45%         3
d - Airstrike             Air            19%        N/A       86%         4

Your spell library contained the following spells:

 Spells                   Type           Power      Damage    Failure   Level
 Foxfire                  Conj/Fire      100%       2x1d9     38%         1
 Animate Skeleton         Necr           56%        N/A       43%         1
 Apportation              Tloc           56%        N/A       43%         1
 Summon Small Mammal      Summ           100%       N/A       43%         1
 Conjure Flame            Conj/Fire      29%        6-21      77%         3
 Stone Arrow              Conj/Erth      58%        3d10      77%         3
 Call Canine Familiar     Summ           28%        N/A       80%         3
 Inner Flame              Hex/Fire       28%        N/A       80%         3
 Portal Projectile        Hex/Tloc       56%        N/A       80%         3
 Animate Armour           Summ/Erth      56%        N/A       99%         4
 Flame Wave               Conj/Fire      29%        2d8       99%         4
 Hailstorm                Conj/Ice       29%        3d8       99%         4
 Ice Form                 Ice/Tmut       28%        N/A       99%         4
 Leda's Liquefaction      Hex/Erth       14%        N/A       99%         4
 Simulacrum               Ice/Necr       14%        N/A       100%        6
 Lehudib's Crystal Spear  Conj/Erth      14%        10d5      100%        8


Dungeon Overview and Level Annotations

Branches:
Dungeon (11/15)            Temple (1/1) D:7             Orc (0/2) D:11
   Lair: D:8-11

Altars:
Ashenzari
Cheibriados
Dithmenos
Elyvilon
Fedhas
Gozag
Hepliaklqana
Kikubaaqudgha
Makhleb
Nemelex Xobeh
Okawaru
Qazlal
Ru
Sif Muna
Trog
Uskayaw
Vehumet
Wu Jian
Xom
Yredelemnul
Zin
The Shining One

Shops:
D:4 :   D:8 (

Annotations:
D:7 Harold
D:10 2 transporters, Doot's ghost, novice OpVM


Innate Abilities, Weirdness & Mutations

You have very sharp teeth.
Your uncanny sense of smell can sniff out nearby items.
Your experience applies equally to all skills.


Message History

There is an open door here.
There is an open door here.
As you open the door, it creaks loudly!
A komodo dragon comes into view.
The komodo dragon hisses angrily.
A komodo dragon is nearby!
You closely miss the komodo dragon. The komodo dragon closely misses you.
The komodo dragon bites you.
You closely miss the komodo dragon.
You bite the komodo dragon, but do no damage.
The komodo dragon bites you!
You hit the komodo dragon. You freeze the komodo dragon.
The komodo dragon is lightly wounded.
The komodo dragon bites you.
You hit the komodo dragon. You freeze the komodo dragon.
The komodo dragon is moderately wounded.
The komodo dragon bites you!
The komodo dragon bites you but does no damage.
You slash the komodo dragon! You freeze the komodo dragon.
The komodo dragon is heavily wounded.
You block the komodo dragon's attack.
You slash the komodo dragon!
The komodo dragon seems to slow down.
You freeze the komodo dragon.
The komodo dragon is severely wounded.
The komodo dragon barely misses you.
You closely miss the komodo dragon.
The komodo dragon is severely wounded.
The komodo dragon is no longer moving slowly.
The komodo dragon barely misses you.
You closely miss the komodo dragon.
You bite the komodo dragon, but do no damage.
The komodo dragon is severely wounded.
The komodo dragon bites you!
You are too injured to fight recklessly!
You hit the komodo dragon. You freeze the komodo dragon.
The komodo dragon is almost dead.
The komodo dragon bites you!!
* * * LOW HITPOINT WARNING * * *
The komodo dragon bites you!!
You die...

#################################
∆ ∆ ##### . # ####...### #.###.
######...###... ......#
#.##..#### #..# .......###....##
#### #..l@.....## ∆ ###.#.#####
############ ##### ##### ###
#..........# #...#####'#
#..........############...'......
.....................#....#.#..#.
##################'########......
.................................
.....##############........##..#.


You could see a komodo dragon.

Vanquished Creatures
  A centaur warrior (D:9)
  A two-headed ogre (D:8)
  Pikel (D:6)
  Maurice (D:8)
  2 trolls (D:9)
  Grinder (D:3)
  A wraith (D:10)
  A shadow (D:10)
  6 yaks
  A steam dragon (D:8)
  Menkaure (D:5)
  An acid dragon (D:10)
  Edmund (D:6)
  A water moccasin (D:8)
  An orc warrior (D:10)
  A black bear (D:5)
  A necrophage (D:7)
  5 ogres
  3 phantoms
  4 centaurs
  A kobold brigand (D:5)
  5 bullfrogs
  A gnoll sergeant (D:7)
  A scorpion (D:3)
  A wyvern skeleton (D:7)
  A water moccasin skeleton (D:6)
  5 killer bees (D:8)
  4 wights (D:8)
  3 electric eels (D:9)
  2 howler monkeys (D:8)
  3 centaur zombies
  3 hounds
  3 jellies
  5 orc priests
  2 bullfrog skeletons
  A centaur skeleton (D:6)
  Ijyb (D:3)
  3 iguanas
  A gnoll shaman (D:5)
  8 orc wizards
  2 hound skeletons (D:5)
  2 howler monkey zombies
  A howler monkey skeleton (D:6)
  20 gnolls
  4 adders
  A shadow imp (D:7)
  An ufetubus (D:5)
  5 worms
  A dart slug (D:2)
  18 orcs
  3 endoplasms
  2 giant cockroaches
  10 goblins
  6 hobgoblins
  A jackal (D:4)
  2 quokkas
  5 ball pythons
  3 bats
  4 frilled lizards
  11 kobolds
  6 rats
197 creatures vanquished.

Notes
Turn   | Place    | Note
-------+----------+-------------------------------------------
     0 | D:1      | 101zpm the Gnoll Air Elementalist began the quest for the
                  | Orb.
     0 | D:1      | Reached XP level 1. HP: 13/13 MP: 6/6
   242 | D:1      | Reached XP level 2. HP: 19/19 MP: 5/7
  1265 | D:2      | Reached XP level 3. HP: 25/25 MP: 6/9
  1269 | D:2      | Learned a level 2 spell: Static Discharge
  1275 | D:2      | Learned a level 3 spell: Swiftness
  1280 | D:2      | Reached skill level 5 in Spellcasting
  1385 | D:2      | Found a shimmering altar of Xom.
  1521 | D:2      | Reached skill level 1 in Invocations
  1815 | D:2      | Identified the +1 robe of the Other Side {-Tele rN+ Regen+}
  1911 | D:3      | Reached skill level 1 in Fighting
  1911 | D:3      | Reached skill level 1 in Short Blades
  1911 | D:3      | Reached skill level 1 in Long Blades
  1911 | D:3      | Reached skill level 1 in Axes
  1911 | D:3      | Reached skill level 1 in Maces & Flails
  1911 | D:3      | Reached skill level 1 in Polearms
  1911 | D:3      | Reached skill level 1 in Staves
  1911 | D:3      | Reached skill level 1 in Slings
  1911 | D:3      | Reached skill level 1 in Bows
  1911 | D:3      | Reached skill level 1 in Crossbows
  1911 | D:3      | Reached skill level 1 in Throwing
  1911 | D:3      | Reached skill level 1 in Armour
  1911 | D:3      | Reached skill level 1 in Shields
  1911 | D:3      | Reached skill level 1 in Unarmed Combat
  1911 | D:3      | Reached skill level 1 in Evocations
  2133 | D:3      | Found a faded altar of an unknown god.
  2155 | D:3      | Reached XP level 4. HP: 32/32 MP: 6/11
  2296 | D:3      | Noticed a scorpion
  2348 | D:3      | Reached skill level 1 in Hexes
  2348 | D:3      | Reached skill level 1 in Summonings
  2348 | D:3      | Reached skill level 1 in Necromancy
  2348 | D:3      | Reached skill level 1 in Translocations
  2348 | D:3      | Reached skill level 1 in Transmutations
  2348 | D:3      | Reached skill level 1 in Fire Magic
  2348 | D:3      | Reached skill level 1 in Ice Magic
  2348 | D:3      | Reached skill level 1 in Earth Magic
  2348 | D:3      | Reached skill level 1 in Poison Magic
  2448 | D:4      | Reached XP level 5. HP: 19/37 MP: 8/12
  2846 | D:3      | Noticed Ijyb
  2865 | D:3      | Killed Ijyb
  2866 | D:3      | Reached XP level 6. HP: 32/44 MP: 0/13
  3144 | D:3      | Noticed Grinder
  3239 | D:4      | Reached skill level 5 in Dodging
  3723 | D:4      | Found Cesm's Book Emporium.
  4091 | D:4      | Reached XP level 7. HP: 50/50 MP: 6/15
  4779 | D:4      | Learned a level 4 spell: Airstrike
  4815 | D:5      | Entered Level 5 of the Dungeon
  5097 | D:5      | Reached skill level 5 in Stealth
  5279 | D:5      | Noticed Menkaure
  5288 | D:5      | Killed Menkaure
  5389 | D:5      | Reached XP level 8. HP: 55/57 MP: 8/16
  5680 | D:5      | Found a shimmering blue altar of Sif Muna.
  6344 | D:3      | Killed Grinder
  6768 | D:6      | Identified the +0 ring mail "Esocux" {rPois Str-5 Stlth+}
  6865 | D:6      | Identified the +0 plate armour "Cino" {+Inv rF+ rN++ Will+}
  6950 | D:6      | Noticed Pikel
  7370 | D:6      | Killed Pikel
  7371 | D:6      | Reached skill level 5 in Polearms
  7371 | D:6      | Reached XP level 9. HP: 62/65 MP: 5/18
  8460 | D:6      | Noticed Edmund
  8527 | D:6      | Killed Edmund
  9327 | D:7      | Reached skill level 5 in Invocations
  9528 | D:7      | Found a staircase to the Ecumenical Temple.
  9537 | Temple   | Entered the Ecumenical Temple
  9770 | Temple   | Became a worshipper of Qazlal Stormbringer
  9936 | D:8      | Found Alihimem's Antique Weapon Boutique.
 10022 | D:8      | Noticed Maurice
 10225 | D:8      | Noticed a two-headed ogre
 10232 | D:8      | Killed a two-headed ogre
 10233 | D:8      | Reached XP level 10. HP: 45/73 MP: 2/20
 10445 | D:8      | Reached skill level 5 in Fighting
 10445 | D:8      | Reached skill level 5 in Short Blades
 10445 | D:8      | Reached skill level 5 in Long Blades
 10445 | D:8      | Reached skill level 5 in Axes
 10445 | D:8      | Reached skill level 5 in Maces & Flails
 10445 | D:8      | Reached skill level 5 in Staves
 10445 | D:8      | Reached skill level 5 in Slings
 10445 | D:8      | Reached skill level 5 in Bows
 10445 | D:8      | Reached skill level 5 in Crossbows
 10445 | D:8      | Reached skill level 5 in Throwing
 10445 | D:8      | Reached skill level 5 in Armour
 10445 | D:8      | Reached skill level 5 in Shields
 10445 | D:8      | Reached skill level 5 in Unarmed Combat
 10445 | D:8      | Reached skill level 5 in Evocations
 10878 | D:8      | Killed Maurice
 10921 | D:9      | Noticed a centaur warrior
 11324 | D:8      | Bought a warped hunting sling for 162 gold pieces
 11324 | D:8      | Identified the +9 hunting sling of Oblut {flame, Dex+3}
                  | (You bought it in a shop on level 8 of the Dungeon)
 12297 | D:9      | Noticed a six-headed hydra
 12421 | D:9      | Reached skill level 5 in Conjurations
 12754 | D:7      | Noticed Harold
 13276 | D:10     | Entered Level 10 of the Dungeon
 13655 | D:10     | Identified the +11 battleaxe "Reimiluv" {freeze, Str+3
                  | Int+2}
 13870 | D:10     | Reached XP level 11. HP: 38/81 MP: 19/22
 14478 | D:10     | Noticed Doot's ghost (novice OpVM)
 14490 | D:10     | Found a transporter.
 14513 | D:10     | Reached * piety under Qazlal
 14671 | D:10     | Found a transporter.
 14891 | D:11     | Found a staircase to the Orcish Mines.
 15108 | D:9      | Found a glowing golden altar of the Shining One.
 15115 | D:9      | Reached skill level 5 in Hexes
 15115 | D:9      | Reached skill level 5 in Summonings
 15115 | D:9      | Reached skill level 5 in Necromancy
 15115 | D:9      | Reached skill level 5 in Translocations
 15115 | D:9      | Reached skill level 5 in Transmutations
 15115 | D:9      | Reached skill level 5 in Fire Magic
 15115 | D:9      | Reached skill level 5 in Ice Magic
 15115 | D:9      | Reached skill level 5 in Earth Magic
 15115 | D:9      | Reached skill level 5 in Poison Magic
 15335 | D:9      | Found a burning altar of Makhleb.
 16175 | D:7      | Identified the +2 ring mail of the Dice {+Blink rC- Str+3}
 16218 | D:8      | HP: 1/81 [seven-headed hydra (9)]
 16634 | D:9      | Killed a centaur warrior
 17305 | D:9      | Slain by a komodo dragon

Illustrated notes

Levels and vault maps discovered:
D:1:      elethiomel_arrival_fortress_basement, layout_loops_cross, st_stairs_6,
          minmay_misc_feat_doors
D:2:      layout_rooms, basic_altar
D:3:      wander_river, layout_loops_corners,
          hellmonk_ecumenical_altar_inner_sanctum, uniq_grinder, uniq_ijyb
D:4:      layout_cave_pools, serial_shops, nicolae_shop_stone, serial_rivers,
          chequers_serial_rivers_large_b, chequers_serial_rivers_small_b,
          chequers_serial_rivers_micro_b, chequers_serial_rivers_micro_c,
          chequers_serial_rivers_marsh, minmay_manual_mess
D:5:      layout_loops_ring, mainiacjoe_overflow_brackets, chequers_arboretum,
          uniq_menkaure
D:6:      layout_loops_corners, nicolae_benzene_ring, uniq_pikel, uniq_edmund
D:7:      layout_basic, lemuel_temple_firewalk_b, uniq_harold
D:8:      layout_basic, serial_shops, nicolae_shop_hallway_stairs, uniq_maurice
D:9:      layout_stronghold, mainiacjoe_overflow_catch_the_wave,
          erik_lair_dragon
D:10:     layout_loops_ring, gammafunk_ghost_stat_death
D:11:     layout_cave_pools, david_orc_3, serial_park, serial_park_gazebo
          [serial_park_minivault_5x5_4], serial_park_tiny_1,
          serial_park_tiny_pond, serial_park_fountain, serial_park_tiny_2,
          bloody_makhleb, uniq_erica
Temple:   mainiacjoe_temple_bowtie_tessellation

Skill      XL: |  1  2  3  4  5  6  7  8  9 10 11 |
---------------+----------------------------------+-----
Conjurations   | 2 3 4 5 |  5.5
Spellcasting   | 5 6 7 8 |  8.0
Invocations    | 1 2 3 4 5 6 |  6.7
Fighting       | 1 2 4 5 6 |  6.1
Short Blades   | 1 2 4 5 6 |  6.1
Long Blades    | 1 2 4 5 6 |  6.1
Axes           | 1 2 4 5 6 |  6.1
Maces & Flails | 1 2 4 5 6 |  6.1
Polearms       | 1 2 3 5 6 8 |  8.5
Staves         | 1 2 4 5 6 |  6.1
Slings         | 1 2 4 5 6 |  6.1
Bows           | 1 2 4 5 6 |  6.1
Crossbows      | 1 2 4 5 6 |  6.1
Throwing       | 1 2 4 5 6 |  6.1
Armour         | 1 2 4 5 6 |  6.1
Shields        | 1 2 4 5 6 |  6.1
Unarmed Combat | 1 2 4 5 6 |  6.1
Evocations     | 1 2 4 5 6 |  6.1
Hexes          | 1 2 3 4 5 |  5.1
Summonings     | 1 2 3 4 5 |  5.1
Necromancy     | 1 2 3 4 5 |  5.1
Translocations | 1 2 3 4 5 |  5.1
Transmutations | 1 2 3 4 5 |  5.1
Fire Magic     | 1 2 3 4 5 |  5.1
Ice Magic      | 1 2 3 4 5 |  5.1
Earth Magic    | 1 2 3 4 5 |  5.1
Poison Magic   | 1 2 3 4 5 |  5.1
Dodging        | 5 6 7 |  7.7
Stealth        | 5 6 7 |  7.5
Air Magic      | 6 7 |  7.5

Action                   |  1- 3 |  4- 6 |  7- 9 | 10-12 || total
-------------------------+-------+-------+-------+-------++-------
Melee: Unarmed           |     8 |    28 |       |       ||    36
       Bite              |     1 |     1 |       |     7 ||     9
       Battleaxe         |       |       |       |    75 ||    75
 Cast: Shock             |   101 |    97 |   152 |    70 ||   420
       Static Discharge  |       |     6 |     2 |     6 ||    14
       Airstrike         |       |       |    56 |    47 ||   103
  Use: Scroll            |       |       |     9 |       ||     9
Armor: Robe              |     1 |    12 |    13 |     8 ||    34
       Plate armour      |       |       |       |    46 ||    46
Dodge: Dodged            |    11 |    42 |    39 |   103 ||   195
Block: Other             |       |       |       |     6 ||     6
